 Dungeon Crawl Stone Soup version 0.26.1-11-gd32895ea62 (webtiles) character file.

Game seed: 238707543743009775

1173 ubername the Frost Mage (level 8, -3/57 HPs)
             Began as a Barachi Ice Elementalist on July 8, 2021.
             Slain by an ice beast (13 damage)
             ... on level 5 of the Dungeon.
             The game lasted 00:13:02 (6127 turns).

ubername the Frost Mage (Barachi Ice Elementalist)  Turns: 6127, Time: 00:13:02

Health: -3/57      AC: 11    Str:  9    XL:     8   Next: 41%
Magic:  12/16      EV: 13    Int: 18    God:
Gold:   346        SH:  0    Dex: 13    Spells: 11/18 levels left

rFire    . . .     SeeInvis .   u - +3 quarterstaff (chaos)
rCold    . . .     Faith    .   (shield currently unavailable)
rNeg     . . .     Spirit   .   t - +2 robe
rPois    .         Reflect  .   (no helmet)
rElec    .         Harm     .   (no cloak)
rCorr    .         Rampage  .   (no gloves)
Will     .....                  (no boots)
Stlth    ++........             (no amulet)
HPRegen  0.19/turn              d - ring of flight
MPRegen  0.15/turn              (no ring)

@: icy armour, slow
A: +LOS, swims, slowness 1, strong legs 1
a: Hop, Evoke Flight


You were on level 5 of the Dungeon.
You visited 1 branch of the dungeon, and saw 5 of its levels.
You also visited: Sewer.

You collected 346 gold pieces.

Inventory:

Hand Weapons
 a - a +1 dagger of speed
 c - a +0 hunting sling
 i - a +0 dagger of flaming
 u - a +3 quarterstaff of chaos (weapon)
Missiles
 b - 9 boomerangs (quivered)
 h - 2 javelins
 m - 21 poisoned darts
Armour
 n - a +0 robe of positive energy
 t - a +2 robe (worn)
Jewellery
 d - a ring of flight (left hand)
Wands
 o - a wand of paralysis (11)
Scrolls
 f - 5 scrolls of teleportation
 g - 3 scrolls of remove curse
 k - 2 scrolls of enchant weapon
 p - a scroll of fog
 q - a scroll of identify
Potions
 e - 2 potions of might
 j - a potion of heal wounds
 l - 3 potions of curing
 r - a potion of brilliance
 s - 2 potions of haste
 v - a potion of invisibility


   Skills:
 + Level 2.8 Fighting
 + Level 1.8 Short Blades
 + Level 2.6 Staves
 + Level 0.9 Throwing
 + Level 3.3 Dodging
 + Level 2.8 Stealth
 + Level 5.8 Spellcasting
 + Level 8.5 Ice Magic


You had 11 spell levels left.
You knew the following spells:

 Your Spells              Type           Power        Failure   Level
a - Freeze                Ice            100%         1%          1
b - Frozen Ramparts       Ice            72%          1%          3
c - Ozocubu's Armour      Ice            36%          1%          3

Your spell library contained the following spells:

 Spells                   Type           Power        Failure   Level
 Hailstorm                Conj/Ice       20%          21%         4
 Summon Ice Beast         Ice/Summ       20%          21%         4


Dungeon Overview and Level Annotations

Branches:
Dungeon (5/15)              Sewer (visited)
 Temple: D:4-7

Altars:
Elyvilon
Kikubaaqudgha
Makhleb
Ru


Innate Abilities, Weirdness & Mutations

You can be seen from farther away. (+LOS)
You can swim through water.
You cover ground slowly.
You can hop short distances.


Message History

The ice beast hits you but does no damage.
You closely miss the ice beast.
The ice beast is lightly wounded.
The ice beast barely misses you.
You hit the ice beast.
The ice beast is moderately wounded.
The ice beast barely misses you.
The ice beast hits you but does no damage.
You closely miss the ice beast.
The ice beast is moderately wounded.
The ice beast hits you but does no damage.
You hit the ice beast but do no damage.
The ice beast is moderately wounded.
The ice beast misses you.
You closely miss the ice beast.
The ice beast is moderately wounded.
The ice beast hits you.
* * * LOW HITPOINT WARNING * * *
The ice beast freezes you!
You die...

.......## #.# ........# #.#
........### #.# #
..........#### #.# .#
.......##....# #.# .#
......######(## #.##.###
........# #.(# #......####
.....##.# ##.###.........#
....###.#####)..@Y.........
##### #....######..........
####...# #.#........ ###.#
#.#........ #.# #..........
#.## ###........ #..##
#....... ##..## #...((#
##..###########


You could see an ice beast.

Vanquished Creatures
  The ghost of NOTTavin the Shield-Bearer, an amateur GnFi of Kikubaaqudgha (D:4)
  A sky beast (D:5)
  Purgy (Sewer)
  A phantom (D:5)
  An ogre (D:4)
  2 centaurs (D:5)
  A howler monkey (D:4)
  A bullfrog zombie (D:5)
  2 hounds
  A bullfrog skeleton (D:5)
  Crazy Yiuf (D:4)
  An orc wizard (D:4)
  2 worker ants (D:4)
  2 hound skeletons
  6 adders
  3 oozes (D:1)
  3 worms
  5 leopard geckos
  7 orcs
  4 giant cockroaches
  5 goblins
  8 hobgoblins
  3 jackals (D:1)
  2 quokkas
  8 bats
  6 frilled lizards
  10 kobolds
  10 rats
98 creatures vanquished.

Notes
Turn   | Place    | Note
-------+----------+-------------------------------------------
     0 | D:1      | ubername the Barachi Ice Elementalist began the quest for
                  | the Orb.
     0 | D:1      | Reached XP level 1. HP: 13/13 MP: 3/3
    82 | D:1      | Reached skill level 5 in Ice Magic
   297 | D:1      | Reached XP level 2. HP: 19/19 MP: 1/5
   614 | D:1      | Reached XP level 3. HP: 10/24 MP: 0/6
   618 | D:1      | Learned a level 3 spell: Frozen Ramparts
  2009 | D:2      | Reached skill level 6 in Ice Magic
  2025 | D:2      | Reached XP level 4. HP: 29/30 MP: 5/8
  2032 | D:2      | Learned a level 3 spell: Ozocubu's Armour
  2389 | D:2      | Found an ancient bone altar of Kikubaaqudgha.
  2649 | D:2      | Found a white marble altar of Elyvilon.
  2892 | D:3      | Found a sacrificial altar of Ru.
  3604 | D:3      | Found a faded altar of an unknown god.
  3881 | D:4      | Reached XP level 5. HP: 30/36 MP: 0/9
  4315 | D:4      | Reached skill level 1 in Fighting
  4315 | D:4      | Reached XP level 6. HP: 34/44 MP: 7/11
  4316 | D:4      | Reached skill level 1 in Short Blades
  4483 | D:4      | Reached skill level 7 in Ice Magic
  4663 | D:4      | Found a burning altar of Makhleb.
  4745 | D:4      | Found a runed translucent door.
  4750 | D:4      | Noticed NOTTavin's ghost (amateur GnFi)
  4855 | D:4      | Killed NOTTavin's ghost
  4856 | D:4      | Reached XP level 7. HP: 23/50 MP: 3/14
  5024 | D:4      | Found a runed translucent door.
  5126 | D:4      | Found a runed translucent door.
  5127 | D:4      | Noticed Crazy Yiuf
  5135 | D:4      | Killed Crazy Yiuf
  5246 | D:5      | Entered Level 5 of the Dungeon
  5259 | D:5      | Found a glowing drain.
  5266 | D:5      | Reached skill level 5 in Spellcasting
  5266 | D:5      | Reached skill level 8 in Ice Magic
  5405 | Sewer    | Entered a sewer
  5483 | Sewer    | Noticed Purgy
  5495 | Sewer    | Killed Purgy
  5496 | Sewer    | Reached skill level 1 in Staves
  5656 | D:5      | Reached XP level 8. HP: 26/57 MP: 13/16
  6127 | D:5      | Slain by an ice beast

Illustrated notes

Levels and vault maps discovered:
D:1:      kennysheep_arrival_seaside, layout_loops_ring, due_unseen_surprise
D:2:      layout_loops_ring, overflow_temple_1_default,
          nicolae_overflow_hidden_temple
D:3:      layout_basic, lemuel_crystal_altar, chequers_ecumenical_altar_lobes
D:4:      layout_loops_ring, general_overflow_altar, ebering_ghost_sewer_f,
          uniq_crazy_yiuf_cottage
D:5:      lemuel_ratsnest, layout_rooms, portal_sewer_entry_d, uniq_ijyb

Skill      XL: |  1  2  3  4  5  6  7  8 |
---------------+-------------------------+-----
Ice Magic      | 5 6 7 8 |  8.5
Stealth        | 2 |  2.8
Spellcasting   | 3 4 5 |  5.8
Fighting       | 1 2 |  2.8
Short Blades   | 1 |  1.8
Staves         | 1 2 |  2.6
Dodging        | 3 |  3.3
Throwing       | |  0.9

Action                   |  1- 3 |  4- 6 |  7- 9 || total
-------------------------+-------+-------+-------++-------
Melee: Short sword       |    47 |    19 |       ||    66
       Dagger            |       |    26 |       ||    26
       Quarterstaff      |       |       |    50 ||    50
Throw: Dart              |       |     1 |    13 ||    14
 Cast: Freeze            |    35 |     4 |     5 ||    44
       Frozen Ramparts   |     4 |    32 |    10 ||    46
       Ozocubu's Armour  |       |     5 |     6 ||    11
 Abil: Hop               |       |       |     1 ||     1
  Use: Scroll            |     6 |     5 |     3 ||    14
       Potion            |     1 |     5 |       ||     6
 Stab: Distracted        |     1 |       |       ||     1
       Sleeping          |     1 |       |       ||     1
Armor: Robe              |    13 |    16 |    26 ||    55
Dodge: Dodged            |    40 |    34 |    40 ||   114
